 Dungeon Crawl Stone Soup version 0.28.0-45-g0d030f2227 (webtiles) character file.

Game seed: 12518918676506122775

59 Descartes the Shield-Bearer (level 4, -1/37 HPs)
             Began as a Formicid Fighter on Apr 18, 2022.
             Killed by divine providence
             ... invoked by an orc priest
              (10 damage)
             ... on level 2 of the Dungeon.
             The game lasted 00:02:33 (1905 turns).

Descartes the Shield-Bearer (Formicid Fighter)      Turns: 1905, Time: 00:02:33

Health: -1/37      AC:  6    Str: 21    XL:     4   Next: 22%
Magic:  0/5        EV:  9    Int:  9    God:
Gold:   26         SH:  4    Dex: 10    Spells: 5/5 levels left

rFire   . . .      SeeInvis +   a - +0 war axe
rCold   . . .      Faith    .   c - +0 buckler
rNeg    . . .      Spirit   +   b - +0 scale mail
rPois   .          Reflect  .   (helmet unavailable)
rElec   .          Harm     .   (no cloak)
rCorr   .          Rampage  .   (no gloves)
Will    .....                   (no boots)
Stlth   ..........              e - amulet of guardian spirit
HPRegen 0.12/turn               (no ring)
MPRegen 0.09/turn               (no ring)

@: no status effects
A: permanent stasis, dig shafts and tunnels, antennae 3, four strong arms
a: Dig, Shaft Self


You were on level 2 of the Dungeon.
You visited 1 branch of the dungeon, and saw 2 of its levels.

You collected 26 gold pieces.

Inventory:

Hand Weapons
 a - a +0 war axe (weapon)
Missiles
 h - 14 sling bullets
 j - 44 stones
 l - 3 boomerangs
Armour
 b - a +0 scale mail (worn)
 c - a +0 buckler (worn)
Jewellery
 e - an amulet of guardian spirit (around neck)
Scrolls
 f - 2 scrolls of fear {unknown}
 g - a scroll of amnesia {unknown}
 i - 2 scrolls of immolation {unknown}
 m - a scroll of identify {unknown}
Potions
 d - 3 potions of mutation {unknown}
 k - 2 potions of attraction {unknown}


   Skills:
 + Level 3.7 Fighting
 + Level 2.3 Axes
 + Level 3.6 Armour
 + Level 4.0 Shields
 + Level 1.2 Spellcasting
 + Level 1.0 Translocations


You had 5 spell levels left.
You didn't know any spells.
Your spell library was empty.

Dungeon Overview and Level Annotations

Branches:
Dungeon (2/15)

Altars:


Innate Abilities, Weirdness & Mutations

You cannot be hasted, slowed, berserked, paralysed or teleported.
You can dig through walls and to a lower floor.
You have a pair of large antennae on your head. (SInv)
Your four strong arms can wield two-handed weapons with a shield.


Message History

You block the ball python's attack. The ball python grabs you.
The ball python constricts you. You block the ball python's attack.
The ball python constricts you.
The orc moves out of view.
You closely miss the ball python. You block the ball python's attack.
The ball python constricts you.
You barely miss the ball python. The ball python completely misses you.
The ball python constricts you.
The orc priest mumbles some strange prayers to Beogh against you.
Beogh smites you! The ball python closely misses you.
The ball python constricts you.
You barely miss the ball python. You closely miss the orc.
The ball python barely misses you. The ball python constricts you.
The orc barely misses you.
The ball python bites you but does no damage.
The ball python constricts you. The orc hits you with a +0 club.
You hit the ball python.
The ball python is moderately wounded.
You closely miss the orc. You block the ball python's attack.
The ball python constricts you.
You barely miss the ball python.
The ball python is moderately wounded.
You closely miss the orc. The ball python barely misses you.
The ball python constricts you. The ball python barely misses you.
The ball python constricts you. The orc barely misses you.
You closely miss the ball python.
The ball python is moderately wounded.
You hit the orc. The ball python barely misses you.
The ball python constricts you. The orc hits you with a +0 club.
The orc priest invokes the aid of Beogh against you.
Pain shoots through your body! The ball python barely misses you.
The ball python constricts you. The orc hits you but does no damage.
You escape the ball python's grasp.
The orc priest mumbles some strange prayers to Beogh against you.
Beogh smites you!
* * * LOW HITPOINT WARNING * * *
The orc hits you with a +0 whip.
* * * LOW HITPOINT WARNING * * *
The orc priest invokes the aid of Beogh against you.
Beogh smites you!
You die...

............#.........#
#.#.........#.........#
.....................#
#...#.#...#..........#
#.#...#.#...........#
#.....#...#.........#
#...)†#..#.....####.#
#.....###...#........
#..#...#..#..#@.####
#...#.#...###...#
.#...#...#..o#S.#
..#..#..#o.o..#.#
....#####........# ...#
#..#o....#.# .#
#...#...#..#
#.#...###...# #...#..#
#..#


You could see an orc priest, 3 orcs and a ball python.

Vanquished Creatures
  2 adders (D:2)
  4 orcs (D:2)
  3 ball pythons (D:1)
  2 endoplasms
  2 giant cockroaches
  2 goblins (D:2)
  3 hobgoblins (D:1)
  2 jackals (D:1)
  2 quokkas (D:1)
  4 bats (D:1)
  2 frilled lizards (D:1)
  4 kobolds (D:1)
  3 rats
35 creatures vanquished.

Notes
Turn   | Place    | Note
-------+----------+-------------------------------------------
     0 | D:1      | Descartes the Formicid Fighter began the quest for the Orb.
     0 | D:1      | Reached XP level 1. HP: 18/18 MP: 1/1
   301 | D:1      | Found a faded altar of an unknown god.
   314 | D:1      | Reached XP level 2. HP: 19/24 MP: 2/2
   639 | D:1      | Reached XP level 3. HP: 25/29 MP: 1/4
  1338 | D:2      | Reached skill level 1 in Spellcasting
  1343 | D:2      | Reached skill level 4 in Shields
  1343 | D:2      | HP: 1/30 [poisoned by an adder]
  1651 | D:2      | Reached skill level 1 in Translocations
  1651 | D:2      | Reached XP level 4. HP: 27/37 MP: 3/5
  1905 | D:2      | Killed from afar by an orc priest

Illustrated notes

Levels and vault maps discovered:
D:1:      amcnicky_arrival_wind_blow, layout_loops_ring,
          chequers_ecumenical_altar_island
D:2:      layout_basic, minmay_splitting_lines, minmay_crystal_water

Skill      XL: |  1  2  3 |
---------------+----------+-----
Spellcasting   | 1 |  1.2
Shields        | 4 |  4.0
Translocations | 1 |  1.0
Fighting       | |  3.7
Axes           | |  2.3
Armour         | |  3.6

Action                   |  1- 3 |  4- 6 || total
-------------------------+-------+-------++-------
Melee: War axe           |    94 |    23 ||   117
  Use: Potion            |     1 |       ||     1
Armor: Scale mail        |    66 |    10 ||    76
Dodge: Dodged            |    55 |    15 ||    70
Block: Buckler           |    29 |     6 ||    35
